 Dungeon Crawl Stone Soup version 0.22.1 (webtiles) character file.

18706 MalarOregon the Cleaver (level 12, -3/104 HPs)
             Began as a Hill Orc Fighter on Sept 17, 2018.
             Was the Champion of Okawaru.
             Slain by an eight-headed hydra (7 damage)
             ... on level 2 of the Lair of Beasts.
             The game lasted 00:23:13 (14112 turns).

MalarOregon the Cleaver (Hill Orc Fighter)         Turns: 14112, Time: 00:23:17

Health: -3/104     AC: 33    Str: 23    XL:     12   Next: 61%
Magic:  16/18      EV:  9    Int:  9    God:    Okawaru [******]
Gold:   677        SH: 16    Dex: 13    Spells: 11/11 levels left

rFire    + . .     SeeInvis .   a - +1 war axe
rCold    + + .     Gourm    .   c - +1 shield
rNeg     . . .     Faith    .   B - +1 gold dragon scales of the Dice {-Tele rPois rF+ rC+ MR++ Dex+3}
rPois    +         Spirit   .   b - +2 helmet "Yxkutwus" {rElec rC+ MR+}
rElec    +         Reflect  .   J - +2 cloak {+Inv}
rCorr    .         Harm     .   l - +2 pair of gloves
MR       +++..     NoTele   +   H - +0 pair of boots
Stlth    ..........             m - amulet of the acrobat
HPRegen  0.27/turn              r - +1 ring of protection
MPRegen  0.16/turn              E - ring of flight

@: heroism, very slightly contaminated, hasted, very quick
A: no striking features
a: Heroism, Finesse, Renounce Religion, Evoke Invisibility, Evoke Flight


You were on level 2 of the Lair of Beasts.
You worshipped Okawaru.
Okawaru was exalted by your worship.
You were not hungry.

You visited 2 branches of the dungeon, and saw 13 of its levels.
You also visited: Bailey.

You collected 803 gold pieces.
You spent 126 gold pieces at shops.

Inventory:

Hand Weapons
 a - a +1 war axe (weapon)
Armour
 b - the +2 helmet "Yxkutwus" (worn) {rElec rC+ MR+}
   (You found it in a bailey)

   It protects you from cold.
   It insulates you from electricity.
   It affects your resistance to hostile enchantments.
 c - a +1 shield (worn)
 l - a +2 pair of gloves (worn)
 u - a +0 cloak of magic resistance
 B - the +1 gold dragon scales of the Dice (worn) {-Tele rPois rF+ rC+ MR++ Dex+3}
   (You took it off an orc in a bailey)

   It affects your dexterity (+3).
   It protects you from fire.
   It protects you from cold.
   It protects you from poison.
   It affects your resistance to hostile enchantments.
   It prevents most forms of teleportation.
 H - a +0 pair of boots (worn)
 J - a +2 cloak of invisibility (worn)
Jewellery
 m - an amulet of the acrobat (around neck)
 r - a +1 ring of protection (left hand)
 E - a ring of flight (right hand)
Wands
 e - a wand of clouds (1)
 s - a wand of digging (35)
 A - a wand of random effects (32)
Scrolls
 h - a scroll of magic mapping
 i - 6 scrolls of teleportation
 q - 4 scrolls of remove curse
Potions
 g - 5 potions of curing
 j - 5 potions of brilliance
 k - a potion of ambrosia
 n - a potion of lignification {unknown}
 p - a potion of agility
 t - a potion of flight
 z - 2 potions of resistance
 C - 3 potions of mutation
Comestibles
 f - 19 rations
 o - 4 chunks of flesh


   Skills:
 + Level 9.3(14.3) Fighting
 * Level 13.0(18.0) Axes
 + Level 8.6(13.6) Armour
 + Level 5.9(10.9) Dodging
 * Level 11.6(16.6) Shields
 + Level 8.9 Invocations
 + Level 3.5 Evocations


You had 11 spell levels left.
You didn't know any spells.
Your spell library contained the following spells:

 Spells                   Type           Power        Failure   Level  Hunger
 Corona                   Hex            #......      100%        1    ##.....
 Magic Dart               Conj           #...         100%        1    ##.....
 Ensorcelled Hibernation  Hex/Ice        #.....       100%        2    ###....
 Searing Ray              Conj           #.....       100%        2    ###....
 Confuse                  Hex            #.......     100%        3    ####...
 Dazzling Spray           Conj/Hex       #.....       100%        3    ####...
 Tukima's Dance           Hex            #.......     100%        3    ####...
 Force Lance              Conj/Tloc      #.......     100%        4    #####..
 Fulminant Prism          Conj/Hex       #.........   100%        4    #####..
 Iskenderun's Mystic Bla  Conj           #.......     100%        4    #####..


Dungeon Overview and Level Annotations

Branches:
Dungeon (11/15)            Temple (0/1) D:7            Lair (2/6) D:9
  Swamp: Lair:2-4    Shoals: Lair:2-4     Snake: Lair:2-4    Spider: Lair:2-4
    Orc: D:9-12

Altars:
Ashenzari
Cheibriados
Elyvilon
Fedhas
Nemelex Xobeh
Okawaru
Ru
Sif Muna
Wu Jian
Xom

Shops:
D:6 !   D:7 =   D:9 [

Annotations:
D:9 3 runed doors, CrazyArbalest's ghost, journeyman BaFi; Wilfredo's ghost, novice MiBe; smcx's ghost, novice MiBe
D:10 2 runed doors, Ymberto's ghost, journeyman HuHu


Message History

The eight-headed hydra barely misses you.
The eight-headed hydra bites you but does no damage.
The eight-headed hydra closely misses you.
The eight-headed hydra bites you but does no damage.
The eight-headed hydra bites you.
* * * LOW HITPOINT WARNING * * *
The eight-headed hydra bites you!
* * * LOW HITPOINT WARNING * * *
You block the eight-headed hydra's attack.
You feel yourself speed up. The spiny frog stings you!
* * * LOW HITPOINT WARNING * * *
The eight-headed hydra bites you but does no damage.
You block the eight-headed hydra's attack.
The eight-headed hydra closely misses you.
You block the eight-headed hydra's attack.
The eight-headed hydra bites you but does no damage.
You block the eight-headed hydra's attack.
The eight-headed hydra bites you but does no damage.
The eight-headed hydra bites you!
You die...

##### ####### #.#.#
#...#.###...# ##..........#
#..........## ####
########.........P###
##..###.#....#...F......#.#
................@D.....#.##
#######.#.##..........P###
.# ########.........# .##
####.........### ..#
#.#..........#P# .....#
#..............# ......#
###...........## ........#
##".........## ....#....
#...........#


You could see an eight-headed hydra and a spiny frog.

Vanquished Creatures
  2 two-headed ogres
  An unseen horror (D:11)
  2 ugly things (D:11)
  A cyclops (D:11)
  2 black mambas
  4 spiny frogs
  A torpor snail (Lair:2)
  2 komodo dragons
  A rime drake (Lair:2)
  A merfolk (D:11)
  A troll (D:9)
  Grinder (D:6)
  2 hornets
  4 blink frogs (Lair:1)
  A hippogriff (D:10)
  A slime creature (Lair:1)
  Sigmund (D:5)
  A wraith (D:11)
  A wyvern (D:10)
  16 yaks
  Eustachio (D:6)
  7 water moccasins
  7 sky beasts
  2 ice beasts
  6 wolves
  8 orc warriors
  A phantom (D:5)
  A necrophage (D:10)
  10 ogres
  4 centaurs
  5 crocodiles
  A big kobold (D:11)
  Blork the orc (D:6)
  11 bullfrogs
  A wyvern skeleton (D:6)
  2 scorpions (D:7)
  2 electric eels (D:9)
  10 howler monkeys
  4 wights (D:10)
  5 crimson imps
  A bullfrog zombie (D:8)
  2 centaur zombies
  A quasit (D:11)
  4 orc priests
  4 jellies
  A centaur skeleton (D:10)
  9 hounds
  3 bullfrog skeletons
  5 iguanas
  4 orc wizards
  9 worker ants
  A hound zombie (D:7)
  A hound skeleton (D:8)
  Robin (D:2)
  16 gnolls
  A howler monkey skeleton (D:4)
  6 adders
  A shadow imp (D:6)
  20 oozes
  7 worms
  A dart slug (D:1)
  6 leopard geckos
  34 orcs
  2 ball pythons
  9 bats
  3 giant cockroaches
  15 goblins
  9 hobgoblins
  3 jackals (D:8)
  4 quokkas
  3 frilled lizards
  15 kobolds
  A leopard gecko zombie (D:8)
  A quokka skeleton (D:4)
  5 rats
343 creatures vanquished.

Vanquished Creatures (others)
  4 fungi (Lair:1)
  4 withered plants (D:9)
8 creatures vanquished.

Grand Total: 351 creatures vanquished

Notes
Turn   | Place    | Note
-------+----------+-------------------------------------------
     0 | D:1      | MalarOregon the Hill Orc Fighter began the quest for the
                  | Orb.
     0 | D:1      | Reached XP level 1. HP: 19/19 MP: 1/1
   699 | D:2      | Reached skill level 3 in Axes
   699 | D:2      | Reached XP level 2. HP: 27/27 MP: 2/2
   895 | D:2      | Noticed Robin
   904 | D:2      | Reached XP level 3. HP: 18/33 MP: 3/3
   936 | D:2      | Killed Robin
  1418 | D:2      | Found a sacrificial altar of Ru.
  1418 | D:2      | Found a sparkling altar of Nemelex Xobeh.
  1419 | D:2      | Found a deep blue altar of Sif Muna.
  1654 | D:2      | Found a white marble altar of Elyvilon.
  1728 | D:2      | Reached XP level 4. HP: 37/40 MP: 4/4
  1922 | D:3      | Reached skill level 4 in Axes
  1922 | D:3      | Reached skill level 1 in Dodging
  1924 | D:3      | Found an iron altar of Okawaru.
  1951 | D:3      | Reached XP level 5. HP: 29/46 MP: 5/5
  1982 | D:3      | Became a worshipper of Warmaster Okawaru
  2834 | D:4      | Reached XP level 6. HP: 51/53 MP: 6/6
  2880 | D:4      | Reached skill level 1 in Invocations
  2942 | D:4      | Reached skill level 5 in Axes
  2942 | D:4      | Reached skill level 5 in Shields
  3187 | D:4      | Noticed a sky beast
  3213 | D:4      | Killed a sky beast
  3213 | D:4      | Reached * piety under Okawaru
  3452 | D:5      | Entered Level 5 of the Dungeon
  3456 | D:5      | Reached XP level 7. HP: 54/60 MP: 8/8
  3612 | D:5      | Reached ** piety under Okawaru
  3612 | D:5      | Reached skill level 6 in Axes
  3832 | D:5      | Reached skill level 5 in Fighting
  3911 | D:5      | Noticed Sigmund
  3920 | D:5      | Killed Sigmund
  3920 | D:5      | Reached XP level 8. HP: 62/68 MP: 7/10
  4109 | D:5      | You fall through a shaft for 2 floors!
  4109 | D:7      | Found a snail-covered altar of Cheibriados.
  4180 | D:6      | Noticed Grinder
  4191 | D:6      | Paralysed by Grinder for 5 turns
  4198 | D:6      | Killed Grinder
  4198 | D:6      | Reached *** piety under Okawaru
  4198 | D:6      | Reached skill level 7 in Axes
  4198 | D:6      | Reached skill level 5 in Armour
  4624 | D:6      | Noticed Eustachio
  4643 | D:6      | Killed Eustachio
  4733 | D:6      | Found Yhu Lea's Distillery.
  4745 | D:6      | Found an iron altar of Okawaru.
  4775 | D:6      | Reached XP level 9. HP: 72/75 MP: 12/12
  4907 | D:6      | Reached skill level 8 in Axes
  4923 | D:6      | Noticed Blork the orc
  4935 | D:6      | Killed Blork the orc
  4941 | D:6      | Found a shimmering altar of Xom.
  4982 | D:6      | Found an iron altar of Okawaru.
  5183 | D:7      | Found Bonigoh's Jewellery Emporium.
  5807 | D:7      | Found a staircase to the Ecumenical Temple.
  6026 | D:7      | Reached **** piety under Okawaru
  6145 | D:7      | Found a shattered altar of Ashenzari.
  6160 | D:7      | Reached skill level 5 in Invocations
  6329 | D:8      | Noticed a hornet
  6344 | D:8      | Killed a hornet
  6344 | D:8      | Reached skill level 9 in Axes
  6630 | D:8      | Reached XP level 10. HP: 61/84 MP: 14/14
  7384 | D:9      | Reached skill level 10 in Axes
  7408 | D:8      | HP: 4/86 [orc warrior/long sword (5)]
  7715 | D:9      | Reached ***** piety under Okawaru
  7752 | D:9      | Found a flagged portal.
  7904 | Bailey   | Entered a bailey
  8327 | Bailey   | Got fine gold dragon scales
  8338 | Bailey   | Identified the +1 gold dragon scales of the Dice {-Tele
                  | rPois rF+ rC+ MR++ Dex+3} (You took it off an orc in a
                  | bailey)
  8351 | Bailey   | Got a distressingly furry helmet
  8363 | Bailey   | Identified the +2 helmet "Yxkutwus" {rElec rC+ MR+} (You
                  | found it in a bailey)
  8849 | D:9      | Found Laywuw's Armour Boutique.
  8857 | D:9      | Found a runed gate.
  8857 | D:9      | Found a runed gate.
  8858 | D:9      | Found a runed gate.
  8863 | D:9      | Noticed Wilfredo's ghost (novice MiBe)
  8868 | D:9      | Bought a +0 cloak of magic resistance for 126 gold pieces
  8874 | D:9      | Noticed CrazyArbalest's ghost (journeyman BaFi)
  8874 | D:9      | Noticed smcx's ghost (novice MiBe)
  8926 | D:9      | Found a blossoming altar of Fedhas.
  8931 | D:9      | Found an ornate altar of the Wu Jian Council.
  9168 | D:9      | Found a staircase to the Lair.
  9462 | D:10     | Entered Level 10 of the Dungeon
  9581 | D:10     | Reached skill level 11 in Axes
  9581 | D:10     | Reached XP level 11. HP: 67/93 MP: 16/16
  9696 | D:10     | Reached skill level 10 in Shields
  9704 | D:10     | Noticed Ymberto's ghost (journeyman HuHu)
  9706 | D:10     | Noticed a skeletal warrior
  9706 | D:10     | Noticed a necromancer
  9707 | D:10     | Noticed a lich
  9765 | D:10     | Noticed a two-headed ogre
  9776 | D:10     | Killed a two-headed ogre
  9776 | D:10     | Received a gift from Okawaru
  9832 | D:10     | Found a runed door.
  9837 | D:10     | Noticed a deep troll
  9841 | D:10     | Noticed a flayed ghost
  9844 | D:10     | Found a runed door.
  9997 | D:10     | Reached skill level 5 in Dodging
 10661 | D:11     | Noticed a white ugly thing
 10683 | D:11     | Killed a white ugly thing
 10706 | D:11     | Noticed a cyclops
 10720 | D:11     | Killed a cyclops
 10720 | D:11     | Reached skill level 1 in Evocations
 10820 | D:11     | Killed an unseen horror
 11283 | D:11     | Noticed a green ugly thing
 11288 | D:11     | Noticed a two-headed ogre
 11569 | D:11     | Killed a green ugly thing
 11569 | D:11     | Reached skill level 12 in Axes
 11738 | D:11     | Killed a two-headed ogre
 12168 | Lair:1   | Entered Level 1 of the Lair of Beasts
 12199 | Lair:1   | Reached XP level 12. HP: 59/103 MP: 18/18
 12849 | Lair:1   | Reached ****** piety under Okawaru
 12866 | Lair:1   | Received a gift from Okawaru
 13643 | Lair:2   | Reached skill level 13 in Axes
 14064 | Lair:2   | Noticed an eight-headed hydra
 14112 | Lair:2   | HP: 4/104 [spiny frog (14)]
 14112 | Lair:2   | Slain by an eight-headed hydra

Skill      XL: |  1  2  3  4  5  6  7  8  9 10 11 12 |
---------------+-------------------------------------+-----
Axes           | 3 4 5 6 7 9 11 12 13 | 13.0
Shields        | 4 5 6 7 8 9 10 11 | 11.6
Fighting       | 4 5 6 7 8 9 |  9.3
Dodging        | 1 2 3 4 5 |  5.9
Armour         | 4 5 6 7 8 |  8.6
Invocations    | 1 3 4 5 6 8 |  8.9
Evocations     | 2 3 |  3.5

Action                   |  1- 3 |  4- 6 |  7- 9 | 10-12 || total
-------------------------+-------+-------+-------+-------++-------
Melee: War axe           |   140 |   173 |   447 |   937 ||  1697
Throw: Throwing net      |       |       |       |     2 ||     2
Invok: Heroism           |       |       |     4 |     2 ||     6
Evoke: Wand              |       |       |       |     6 ||     6
  Use: Potion            |     1 |       |     2 |    11 ||    14
       Scroll            |       |       |    14 |    11 ||    25
  Eat: Chunk             |     3 |     5 |    12 |    25 ||    45
Armor: Scale mail        |    68 |    91 |   192 |    68 ||   419
       Gold dragon scale |       |       |       |   528 ||   528
Dodge: Dodged            |    58 |    68 |   128 |   332 ||   586
Block: Shield            |    83 |   105 |   228 |   770 ||  1186
